[Event "Early-Titled-Tuesday-Blitz-February-20-2024"]
[Site "Chess.com"]
[Date "2024.02.20"]
[Round "7"]
[White "A-Fier"]
[Black "Fandorine"]
[Result "1-0"]
[WhiteElo "2829"]
[BlackElo "2953"]
[TimeControl "180+1"]
[EndTime "9:20:42 PST"]
[Termination "A-Fier won by resignation"]

1. e4 e5 2. Nf3 Nc6 3. Bc4 Nf6 4. d3 Be7 5. O-O O-O 6. a4 d6 7. a5 a6 8. h3 Be6 9. Bxe6 fxe6 10. c3 d5 11.
Nbd2 Bd6 12. b4 Qe8 13. Re1 Qg6 14. Qb3 Rae8 15. Ba3 dxe4 16. dxe4 Nh5 17. Re3 Nf4 18. Ne1 Kh8 19. Qd1 Qf7 20. Ndf3 h6 21. Rb1 Rd8 22.
Qc2 Ne7 23. Kh2 Neg6 24. g3 Nh5 25. c4 c6 26. b5 Bxa3 27. Rxa3 cxb5 28. cxb5 Nf6 29.
bxa6 bxa6 30. Qe2 Qc7 31. Rb6 Qc5 32. Ra2 Rd4 33. Qxa6 Rxe4 34. Rc2 Qa3 35. Rxe6 Qa1 36. Qd3 Rxe1 37. Nxe1 Qxe1 38. Kg2 e4 39. Qa3 Qd1 40. Ra2 e3 41. Rxe3 Nd5 42. Rf3 Re8 43. Qb3 Qd4 44. a6 Qe4 45. a7 Ndf4+ 46. gxf4 Nh4+ 47. Kg3 Nf5+ 48. Kh2 Nd4 49. Re3 Qxf4+ 50. Kg2 Nxb3 51. Rxe8+ Kh7 52. a8=Q Qg5+ 53. Kh2 Qf4+ 54. Kg1 Qc1+ 55.
Kg2 Qg5+ 56. Kf1 Qc1+ 57. Re1 Qc4+ 58. Rae2 Nc5 59. Qf3 Qg8 60. Kg2 Qc4 61. Qf5+ 1-0

[Event "Early-Titled-Tuesday-Blitz-February-20-2024"]
[Site "Chess.com"]
[Date "2024.02.20"]
[Round "7"]
[White "Muracle"]
[Black "Predator0608"]
[Result "0-1"]
[WhiteElo "2476"]
[BlackElo "2586"]
[TimeControl "180+1"]
[EndTime "9:20:43 PST"]
[Termination "Predator0608 won by checkmate"]

1. d4 f5 2. h3 d5 3. g4 fxg4 4. hxg4 Bxg4 5. Qd3 Nf6 6. Bh3 Qd7 7. Bxg4 Qxg4 8.
Nf3 Nc6 9. c3 O-O-O 10. Na3 Ne4 11. Be3 Qf5 12. O-O-O e5 13. Nc2 a6 14. dxe5 Nxe5 15.
Nxe5 Qxe5 16. f3 Nf6 17. Rdg1 Re8 18. Rg5 Qd6 19. Nd4 Qd7 20. Nf5 g6 21. Bd4 Qe6 22.
Ne3 Bg7 23. Kd1 Re7 24. Re5 Qd7 25. Rxe7 Qxe7 26. Bxf6 Qxf6 27. Nxd5 Qf7 28. e4 Rd8 29. Ke2 c6 30. Qc4 Kb8 31. Ne3 Qe7 32. Kf2 Rd2+ 33.
Ke1 Rxb2 34. Rxh7 Qg5 35. Qd3 Qg3+ 36. Kd1 Qg1+ 37. Nf1 Bxc3 38. Rf7 Rd2+ 39. Qxd2 Bxd2 40. Kxd2 Qf2+ 41. Kd3 Qxf1+ 42. Kd4 Qa1+ 43. Kc5 Qxa2 44. Kd6 Qxf7 45. e5 Qxf3 46. e6 Qe3 47. e7 Qxe7+ 48.
Kxe7 a5 49. Kd6 a4 50. Kc5 a3 51. Kb4 a2 52. Kc4 a1=Q 53. Kc5 b5 54. Kd6 b4 55. Ke6 b3 56. Kf7 b2 57. Kxg6 b1=Q+ 58. Kf7 c5 59. Ke8 c4 60. Kd7 c3 61. Kc6 c2 62. Kd5 c1=Q 63.
Kd6 Qd3+ 64. Ke6 Qc6+ 65. Ke7 Qg7# 0-1

[Event "Early-Titled-Tuesday-Blitz-February-20-2024"]
[Site "Chess.com"]
[Date "2024.02.20"]
[Round "7"]
[White "davigator"]
[Black "EsmeraldasAnderson03"]
[Result "0-1"]
[WhiteElo "2348"]
[BlackElo "2530"]
[TimeControl "180+1"]
[EndTime "9:20:45 PST"]
[Termination "EsmeraldasAnderson03 won by resignation"]

1. e4 c5 2. Nf3 d6 3. d4 cxd4 4.
Nxd4 Nf6 5. Nc3 a6 6. Bg5 e6 7. f4 Qc7 8. Qe2 Be7 9. O-O-O O-O 10. g4 b5 11. h4 b4 12. Nb1 Nc6 13. Nxc6 Qxc6 14.
Bg2 Bb7 15. Rhe1 Rac8 16. Rd2 Qc7 17. Bxf6 Bxf6 18. g5 Be7 19. Red1 a5 20. f5 a4 21. Qe3 d5 22. f6 Bc5 23. Qe2 b3 24. axb3 axb3 25.
fxg7 Rfd8 26. Nc3 bxc2 27. Rxc2 d4 28. Na4 Qf4+ 29. Kb1 Ba7 30. Rxc8 Rxc8 31. Qf3 Qxf3 32. Bxf3 e5 33. b3 Kxg7 34. h5 Ba6 35. Kb2 Bb5 36.
Bg4 Rc7 37. Bf5 Rb7 38. h6+ Kg8 39. Ka3 d3 40. Rc1 Rb8 41. Bg4 Be3 42. Rc5 Bxc5+ 43. Nxc5 d2 44. Bd1 Rd8 45. Kb4 Bf1 46. Kc3 Bg2 47. b4 Rd4 48. b5 Bxe4 49. Nb3 Rd8 50. Nc5 Bd5 51. b6 e4 52. b7 e3 53. Kd3 Bb3+ 54.
Kxe3 Bxd1 55. Nd7 Ba4 56. b8=Q Rxb8 57. Nf6+ Kf8 58. Kxd2 Rb5 59. Nxh7+ Kg8 60. Nf6+ Kh8 61. Ne4 Re5 62. Kd3 Bc6 63. Nf6 Rxg5 64. Kd4 Rg6 65. Nh5 Rxh6 66. Nf4 Kg7 67. Ke5 Rh1 68. Nd3 Rh5+ 69.
Kf4 Ra5 70. Ne5 Rxe5 71. Kxe5 Kg6 72. Kf4 f5 0-1

[Event "Early-Titled-Tuesday-Blitz-February-20-2024"]
[Site "Chess.com"]
[Date "2024.02.20"]
[Round "7"]
[White "FARIZA2018"]
[Black "K_A_S_T_O_R"]
[Result "1-0"]
[WhiteElo "2603"]
[BlackElo "2840"]
[TimeControl "180+1"]
[EndTime "9:20:46 PST"]
[Termination "FARIZA2018 won by checkmate"]

1. e4 c5 2. Nf3 d6 3. d4 cxd4 4.
Nxd4 Nf6 5. Nc3 a6 6. f4 e6 7. Be2 Qb6 8. Rb1 Nc6 9. Be3 Qc7 10.
O-O Be7 11. Qe1 O-O 12. Qg3 Bd7 13. Kh1 b5 14. a3 Nxd4 15. Bxd4 Bc6 16. e5 dxe5 17.
Bxe5 Qb7 18. f5 Rae8 19. Bd3 Kh8 20. fxe6 fxe6 21. Qh3 h6 22. Rbe1 Bd8 23. Ne2 Kg8 24.
Nf4 Nd5 25. Qg3 Nxf4 26. Bxf4 Rf6 27. Be5 Rxf1+ 28. Rxf1 Qe7 29. Qg6 Bxg2+ 30. Qxg2 Rf8 31. Rxf8+ Qxf8 32. Qe4 Bf6 33. Qh7+ Kf7 34. Qg6+ Ke7 35.
Bxf6+ gxf6 36. Qh7+ Kd6 37. Qb7 Ke5 38. Qc7+ Kd4 39. Qc3+ Kd5 40. Be2 e5 41. Bf3+ Ke6 42.
Qc6+ Kf5 43. Qd7+ Kf4 44. Qg4+ Ke3 45. Qe4+ Kd2 46. Qd3+ Kc1 47. c4 bxc4 48. Qc3+ Kb1 49. Be4+ Ka1 50. b4+ Ka2 51. Bd5 Qd8 52. Qc2+ Ka1 53.
Qc1+ Ka2 54. Bxc4# 1-0

[Event "Early-Titled-Tuesday-Blitz-February-20-2024"]
[Site "Chess.com"]
[Date "2024.02.20"]
[Round "7"]
[White "ajedrez-facil"]
[Black "tusplingher"]
[Result "0-1"]
[WhiteElo "2245"]
[BlackElo "2479"]
[TimeControl "180+1"]
[EndTime "9:20:47 PST"]
[Termination "tusplingher won by resignation"]

1. e4 c5 2. Nf3 d6 3. d4 cxd4 4.
Qxd4 Nc6 5. Bb5 Bd7 6. Bxc6 bxc6 7. c4 c5 8. Qd3 Nf6 9. Nc3 g6 10. Bf4 Bg7 11. O-O O-O 12. Rad1 Rb8 13. b3 Qa5 14. Qd2 Qa6 15. Rfe1 Bg4 16. Re3 Nh5 17. Rd3 Nxf4 18. Qxf4 Bxf3 19. Qxf3 Bxc3 20. Rxc3 Qxa2 21. h4 h5 22. g4 hxg4 23. Qxg4 Rxb3 24. Rcc1 Qb2 25. h5 Qf6 26. Kg2 Rb2 27. Qg3 Kg7 28. Rh1 Rh8 29. Ra1 Qe5 30. Qxe5+ dxe5 31. Rxa7 Kf6 32. h6 Rc2 33. h7 Rxc4 34. f3 Rd4 35. Rc7 c4 36. Kg3 e6 37. Rc6 Kg7 38. Rc5 Rxh7 39. Rxh7+ Kxh7 40. Rxe5 Kg7 41. Rc5 Kf6 42. Kf4 Kg7 43. Rc7 Kf6 44. Rc5 Ke7 45. Rc7+ Kd6 46. Rxf7 e5+ 47.
Ke3 Rd3+ 48. Ke2 Kc5 49. Rc7+ Kd4 50. Rd7+ Kc3 51. Rc7 Rd2+ 52. Ke3 Rh2 53. Rc6 Rg2 54. f4 Rg3+ 55. Kf2 exf4 56. e5 g5 57. e6 Re3 58.
Rc5 Rxe6 59. Rxg5 Kd3 60. Rd5+ Kc2 61. Kf3 c3 62. Kxf4 Kc1 0-1

[Event "Early-Titled-Tuesday-Blitz-February-20-2024"]
[Site "Chess.com"]
[Date "2024.02.20"]
[Round "7"]
[White "BilicVladimir"]
[Black "Jojo_898"]
[Result "0-1"]
[WhiteElo "2638"]
[BlackElo "2486"]
[TimeControl "180+1"]
[EndTime "9:20:51 PST"]
[Termination "Jojo_898 won by checkmate"]

1. e4 d6 2. d4 Nf6 3. Bd3 g6 4. c3 Bg7 5. Nf3 O-O 6. O-O Nbd7 7. Nbd2 e5 8. Re1 c5 9. dxe5 dxe5 10. Nc4 Qc7 11. Ne3 Nb6 12. c4 Bd7 13. h3 Rad8 14. Nd5 Nfxd5 15. exd5 f5 16. Bf1 h6 17. Qc2 Nc8 18.
Nd2 Nd6 19. b3 f4 20. Bd3 Bf5 21. Ne4 f3 22. g4 Bxg4 23. hxg4 Qd7 24. Rb1 Nxe4 25.
Rxe4 Rf4 26. Rxf4 exf4 27. Bxf4 Qxg4+ 28. Bg3 h5 29. Re1 Bd4 30. Kh2 h4 31. Re4 hxg3+ 32.
fxg3 Qg5 33. Rf4 Be5 34. Rxf3 Rf8 35. Rxf8+ Kxf8 36. Qf2+ Kg7 37. Kg2 Bd4 38. Qe2 Be5 39.
Qf3 Qd2+ 40. Qe2 Qc3 41. Qe4 Qd2+ 42. Kf3 Qg5 43. Qg4 Qf6+ 44. Ke2 Bd4 45. Qd7+ Kh6 46. Qh3+ Kg7 47. Qg2 Qe5+ 48. Kd1 Qe3 49. Kc2 Bf6 50. d6 Qd4 51. Qxb7+ Kh6 52. Qe4 Qb2+ 53. Kd1 Bg5 54. Ke1 Qd2+ 55. Kf1 Be3 56. Qh1+ Kg7 57. Qg2 Qd1# 0-1

[Event "Early-Titled-Tuesday-Blitz-February-20-2024"]
[Site "Chess.com"]
[Date "2024.02.20"]
[Round "7"]
[White "ACollins05"]
[Black "Lennis93"]
[Result "1/2-1/2"]
[WhiteElo "2574"]
[BlackElo "2694"]
[TimeControl "180+1"]
[EndTime "9:20:52 PST"]
[Termination "Game drawn - insufficient material"]

1. d4 d5 2. c4 c6 3. Nf3 Nf6 4. Nc3 dxc4 5. a4 Bf5 6. e3 e6 7. Bxc4 Bb4 8. O-O O-O 9. Qe2 Bg6 10. Bd2 a5 11. Rfe1 Nbd7 12. Rad1 Qe7 13. e4 Bxc3 14.
Bxc3 Nxe4 15. h4 h6 16. Bd3 Nxc3 17. bxc3 Bxd3 18. Rxd3 Qa3 19. g4 Qxa4 20. g5 hxg5 21. Nxg5 Qb5 22. Kh2 Nf6 23. Rg1 a4 24. Qf3 Qf5 25. Qg3 Nh5 26. Qe3 Qf4+ 27. Kh3 a3 28.
Rd2 Qxe3+ 29. fxe3 b5 30. Ne4 g6 31. Ra1 Ra7 32.
Nf2 Nf6 33. Rda2 Rfa8 34. e4 e5 35. dxe5 Nd7 36. Nd3 c5 37. Kg3 Ra4 38. Kf4 Kg7 39. Rb1 R8a5 40. Rba1 Kf8 41. Rb1 Ke7 42. Rba1 Kd8 43.
Rf1 Ke7 44. Rb1 Rc4 45. Rb3 Nf8 46. Rbxa3 Ne6+ 47. Ke3 Rca4 48. Rxa4 bxa4 49. Nb2 a3 50. Nc4 Ra4 51. Nxa3 Nc7 52. Ra1 Nb5 53. Nc2 Rxa1 54.
Nxa1 Nxc3 55. Kd3 Na4 56. Kc4 Ke6 57. Kb5 Nc3+ 58. Kxc5 Nxe4+ 59. Kd4 Ng3 60. Nc2 Nf5+ 61. Ke4 Nxh4 62. Nd4+ Ke7 63. Nc6+ Kd7 64. Nd4 g5 65.
Nf5 Nxf5 66. Kxf5 Ke7 67. Kxg5 Ke6 68. Kf4 f6 69. exf6 Kxf6 1/2-1/2

[Event "Early-Titled-Tuesday-Blitz-February-20-2024"]
[Site "Chess.com"]
[Date "2024.02.20"]
[Round "7"]
[White "vi_pranav"]
[Black "Saxar85"]
[Result "1-0"]
[WhiteElo "3030"]
[BlackElo "2725"]
[TimeControl "180+1"]
[EndTime "9:20:53 PST"]
[Termination "vi_pranav won on time"]

1. e4 e5 2. Nf3 Nc6 3. Bb5 a6 4. Ba4 Nf6 5. O-O Be7 6. d3 d6 7.
c4 O-O 8. Nc3 Bg4 9. h3 Bh5 10.
Bxc6 bxc6 11. Bg5 Nd7 12. Be3 c5 13. g4 Bg6 14. a3 a5 15. Rb1 Rb8 16. Kg2 Kh8 17. Qa4 Ra8 18. Nd5 Nb6 19. Qc2 Nxd5 20. cxd5 a4 21. b4 axb3 22. Rxb3 Qd7 23. Ra1 h5 24.
Nh2 c6 25. dxc6 Qxc6 26. Rab1 d5 27. Rb6 Qd7 28. Rb7 Qd8 29. Nf3 Bd6 30. Bg5 Qc8 31. Be7 hxg4 32. Bxd6 gxf3+ 33. Kh2 Re8 34. Rb8 Rxb8 35. Rxb8 Qe6 36. Rxe8+ Qxe8 37. Qxc5 dxe4 38. dxe4 Bxe4 39. Bxe5 f6 40. Bg3 Qc6 41. Qe7 Kh7 42.
Qb4 Qd5 43. a4 Qd3 44. a5 Bd5 45. Qe1 Bc4 46. Kg1 Kg6 47. Kh2 Kh7 48. Qc1 Ba6 49.
Qf4 Kg6 50. h4 Kh7 51. Qg4 Qd5 52. h5 Bb7 53. Qg6+ Kh8 54. h6 gxh6 55. Qxf6+ Kh7 56.
Be5 Qd7 57. a6 Ba8 58. Qh8+ Kg6 59. Qxa8 Kh5 60. Qxf3+ 1-0

[Event "Early-Titled-Tuesday-Blitz-February-20-2024"]
[Site "Chess.com"]
[Date "2024.02.20"]
[Round "7"]
[White "baki83"]
[Black "JonaszBaum"]
[Result "0-1"]
[WhiteElo "2876"]
[BlackElo "2699"]
[TimeControl "180+1"]
[EndTime "9:20:53 PST"]
[Termination "JonaszBaum won by resignation"]

1. e4 e6 2. d4 d5 3. Nd2 c5 4. exd5 Qxd5 5. Ngf3 cxd4 6. Bc4 Qd6 7. O-O Nf6 8. Nb3 Nc6 9. Nbxd4 Nxd4 10. Qxd4 Qxd4 11.
Nxd4 Bd7 12. Bf4 Rc8 13. Bb3 Bc5 14. Rad1 O-O 15. Be5 Rfd8 16. c3 Ng4 17. Bg3 Nf6 18. Rfe1 Be8 19. Nxe6 fxe6 20. Bxe6+ Bf7 21. Bxc8 Rxc8 22.
Bd6 Bb6 23. a3 Bb3 24. Rd2 Rd8 25. Bf4 Rxd2 26. Bxd2 Kf7 27. Be3 Nd5 28. Bxb6 Nxb6 29. Re5 a6 30. Rc5 Kf6 31. Rc7 Bd5 32. b3 Bc6 33. c4 a5 34. c5 Nd7 35. b4 axb4 36. axb4 Ke7 37. Rc8 Ne5 38. Rg8 Kf6 39. Rd8 Ke7 40.
Rd2 Bb5 41. f3 Nc6 42. Rb2 Ke6 43. Kf2 Kd5 44. Rd2+ Ke6 45. Rd6+ Ke7 46. Kg3 Ba6 47. Rd2 Nxb4 48. Kg4 Nc6 49. Kf5 Bc4 50. g4 Be6+ 51. Kf4 Bd7 52. Rb2 Bc8 53. Ke4 Nd8 54. Rb6 Bd7 55. Ke5 Bc6 56. Rb3 Nf7+ 57. Kd4 Ke6 58. f4 g6 59. h4 h5 60. Re3+ Kf6 61. gxh5 gxh5 62. Re1 Nh6 63. Ke3 Nf5+ 64. Kf2 Nxh4 65. Re5 Nf5 66. Re1 h4 67. Rg1 h3 68. Rg5 h2 0-1

[Event "Early-Titled-Tuesday-Blitz-February-20-2024"]
[Site "Chess.com"]
[Date "2024.02.20"]
[Round "7"]
[White "FREDERICKtheMATE"]
[Black "NovoselovRoman"]
[Result "1/2-1/2"]
[WhiteElo "2681"]
[BlackElo "2550"]
[TimeControl "180+1"]
[EndTime "9:20:54 PST"]
[Termination "Game drawn - insufficient material"]

1. d4 Nf6 2. c4 e5 3. dxe5 Ng4 4. e4 Nxe5 5. f4 Nec6 6. Nc3 Bc5 7. Nge2 d6 8. g3 O-O 9. Bg2 a6 10. a3 Bg4 11.
Qd3 Nd7 12. b4 Ba7 13. h3 Bxe2 14. Nxe2 a5 15. Rb1 axb4 16. axb4 Re8 17. h4 Nf6 18. b5 Nb8 19. Bf3 Nbd7 20. Ba3 Bc5 21. Bb2 Qe7 22. Nc3 Bb4 23. O-O Nc5 24. Qd4 Bxc3 25. Bxc3 Ncxe4 26. Rbe1 d5 27. cxd5 Qc5 28. Qxc5 Nxc5 29. Be5 Nd3 30. Re3 Nxe5 31. fxe5 Nd7 32. e6 Nf6 33. g4 Re7 34. g5 Ne8 35. Bh5 fxe6 36. Rxe6 Rxe6 37. dxe6 g6 38. Bf3 Nd6 39. Bd5 Kg7 40. Kg2 Re8 41.
Kg3 Re7 42. Kg4 Nxb5 43. Bxb7 Rxe6 44. Bd5 Re7 45. h5 gxh5+ 46. Kxh5 Nd6 47. Rc1 Nf5 48. Bf3 Nd4 49. Bg4 c6 50. Rc4 Re4 51. Bd7 c5 52. Rxc5 Nf3 53. Bg4 Ne5 54. Rc7+ Kg8 55. Be6+ Kf8 56. Rxh7 Re1 57. g6 Rh1+ 58. Kg5 Rxh7 59.
gxh7 Kg7 60. Bf5 Nf7+ 61. Kf4 Nh8 62. Ke3 Nf7 63. Kd2 Nh8 64. Kc3 Nf7 65. Kb3 Nh8 66.
Ka3 Nf7 67. Ka4 Nd6 68. Bd3 Nf7 69. Bc2 Ne5 70. Bb1 Nf7 71. Be4 Ng5 72. Bf5 Nxh7 1/2-1/2

[Event "Early-Titled-Tuesday-Blitz-February-20-2024"]
[Site "Chess.com"]
[Date "2024.02.20"]
[Round "7"]
[White "malakismayil"]
[Black "WiktoriaPOL"]
[Result "1-0"]
[WhiteElo "2529"]
[BlackElo "2284"]
[TimeControl "180+1"]
[EndTime "9:20:54 PST"]
[Termination "malakismayil won by checkmate"]

1. e4 c5 2. Nf3 d6 3. Bb5+ Nd7 4. O-O Nf6 5. Re1 a6 6. Bf1 b5 7. d4 cxd4 8. Nxd4 Bb7 9. f3 g6 10. c4 bxc4 11. Bxc4 Bg7 12. Nc3 O-O 13. Be3 Nb6 14. Bb3 e6 15. Qd2 d5 16. e5 Nfd7 17. f4 Nc5 18.
Qf2 Nd3 19. Qe2 Nxe1 20. Rxe1 Nc4 21. Bf2 Rc8 22. h4 h5 23. Nf3 Qc7 24. Bd4 Rfd8 25. Ng5 Bf8 26. Na4 Bc6 27. Nc3 Bb5 28. Qf2 Be8 29. Nf3 Bc5 30. Nb1 Bxd4 31. Nxd4 Qc5 32. Rd1 a5 33. f5 a4 34. Bc2 exf5 35. e6 fxe6 36. Qg3 Qe7 37. Re1 Bf7 38. Nxf5 Qf6 39. Nh6+ Kg7 40. Nxf7 Qxf7 41. Rf1 Qa7+ 42. Kh1 Rf8 43.
Qxg6+ Kh8 44. Qxh5+ Kg8 45. Qg6+ Qg7 46. Qxe6+ Kh8 47. Rg1 Rf4 48. g3 Rff8 49. Qxd5 Rce8 50. Qxc4 Re5 51. Qd3 Rfe8 52. Nd2 Re3 53. Qf5 Rxg3 54. Rxg3 Re1+ 55. Kh2 Qe7 56. Qh5+ Qh7 57. Qxh7# 1-0

[Event "Early-Titled-Tuesday-Blitz-February-20-2024"]
[Site "Chess.com"]
[Date "2024.02.20"]
[Round "7"]
[White "Hilary46"]
[Black "JSPrepz"]
[Result "1/2-1/2"]
[WhiteElo "2670"]
[BlackElo "2854"]
[TimeControl "180+1"]
[EndTime "9:20:55 PST"]
[Termination "Game drawn - insufficient material"]

1. e4 e5 2. Nf3 Nc6 3. Bb5 f5 4.
Nc3 fxe4 5. Nxe4 d5 6. Nxe5 dxe4 7. Nxc6 Qd5 8. c4 Qd6 9. Nxa7+ Bd7 10. Bxd7+ Qxd7 11. Nb5 Nf6 12. O-O c6 13. Nc3 Bc5 14. d4 exd3 15. Re1+ Kf7 16. Be3 Bxe3 17. Rxe3 Rad8 18.
Qd2 Rhe8 19. Rd1 Rxe3 20. Qxe3 Re8 21. Qf3 d2 22. Kf1 Qd4 23. Ne2 Qxb2 24. Qc3 Qxa2 25. Rxd2 Qb1+ 26. Qc1 Qxc1+ 27. Nxc1 Re4 28. Rb2 Rxc4 29.
Rxb7+ Ke6 30. Ne2 g5 31. f3 g4 32. fxg4 Rxg4 33. g3 Rc4 34. Kf2 Ng4+ 35. Kf3 Nxh2+ 36. Kg2 Rc2 37. Kxh2 Rxe2+ 38. Kh3 h5 39. Rh7 Re5 40. g4 hxg4+ 41. Kxg4 Kd5 42. Kf4 Re8 43. Rd7+ Kc4 44.
Rd1 c5 45. Rc1+ Kb4 46. Rb1+ Ka5 47. Rc1 Kb5 48. Rb1+ Kc6 49. Rc1 Re7 50. Kf3 Re5 51. Kf4 Rd5 52. Ke4 Rd4+ 53. Ke3 Rd8 54. Ke4 Rd2 55. Ke3 Rd4 56. Rh1 Kb5 57. Rb1+ Rb4 58.
Rc1 c4 59. Kd4 Rb2 60. Rxc4 Rd2+ 61. Ke3 Kxc4 62. Kxd2 1/2-1/2

[Event "Early-Titled-Tuesday-Blitz-February-20-2024"]
[Site "Chess.com"]
[Date "2024.02.20"]
[Round "7"]
[White "ajeale2"]
[Black "Skatchkov_V"]
[Result "0-1"]
[WhiteElo "2494"]
[BlackElo "2615"]
[TimeControl "180+1"]
[EndTime "9:20:55 PST"]
[Termination "Skatchkov_V won on time"]

1. d4 Nf6 2. Bf4 d5 3. e3 c5 4. c3 Nc6 5. Nd2 e6 6. Ngf3 Nh5 7. Bg5 f6 8. Bh4 g6 9. Be2 cxd4 10. cxd4 Bd6 11.
O-O O-O 12. a3 Bd7 13. b4 a6 14. Ne1 Ng7 15. Nd3 Nf5 16. Bg3 Nxg3 17. fxg3 Qe7 18. Bf3 Kg7 19. Qe2 Rac8 20. Nb3 b6 21. e4 dxe4 22.
Bxe4 e5 23. dxe5 Nxe5 24. Rae1 Bb5 25. Nd4 Bc4 26. Qd2 Rfd8 27. Nf4 Bxf1 28. Nfe6+ Kh8 29.
Nxd8 Rxd8 30. Kxf1 Bc5 31. bxc5 bxc5 32. Bxg6 Rxd4 33.
Qh6 Qg7 34. Qxg7+ Kxg7 35. Bf5 c4 36. Ke2 c3 37. Rc1 Rd2+ 38. Kf1 Nc4 39. Rxc3 Rd4 40.
Kf2 Kf7 41. Bd3 Ne5 42. Be2 a5 43. Rc7+ Kg6 44. Ra7 Ra4 45. h4 Rxa3 46. h5+ Kh6 47. Ra6 Kg5 48. Ra7 h6 49. Rg7+ Kf5 50. Rh7 Ra2 51.
Rxh6 Ng4+ 52. Kf3 Nxh6 53. Bd3+ Kg5 54. Bc4 Ra3+ 55. Ke4 Rxg3 56. Bd5 Rxg2 57. Kf3 Rg4 58. Bb3 Rf4+ 59. Ke3 Nf5+ 60. Ke2 Kxh5 61. Bd1 Kg5 62. Kd3 a4 63. Kc3 a3 64. Kb3 Rd4 65. Ka2 Rxd1 0-1

[Event "Early-Titled-Tuesday-Blitz-February-20-2024"]
[Site "Chess.com"]
[Date "2024.02.20"]
[Round "7"]
[White "Doublekk14"]
[Black "Capablanca_Oujda_2021"]
[Result "0-1"]
[WhiteElo "2306"]
[BlackElo "2531"]
[TimeControl "180+1"]
[EndTime "9:20:55 PST"]
[Termination "Capablanca_Oujda_2021 won on time"]

1. c4 g6 2. Nc3 Bg7 3. Nf3 e6 4. e3 Ne7 5. d4 O-O 6. Be2 d5 7.
b3 b6 8. Bb2 Bb7 9. O-O Nd7 10.
cxd5 Nxd5 11. Nxd5 Bxd5 12. Rc1 c5 13. Ba3 Re8 14. Bb5 cxd4 15. Nxd4 Qg5 16. g3 Red8 17.
f4 Qf6 18. Nc6 Bxc6 19. Bxc6 Nc5 20. Bxa8 Rxd1 21. Rfxd1 h5 22. h4 a5 23. Rd2 Qf5 24. Bxc5 bxc5 25. Bf3 Qh3 26. Rg2 Bb2 27. Rcc2 Ba3 28.
e4 Kg7 29. Kf2 e5 30. fxe5 Qe6 31. Rd2 Qxe5 32. Rg1 Bb2 33. Re1 Bd4+ 34. Kg2 Bc3 35. Rde2 Bxe1 36. Rxe1 f5 37. Re2 fxe4 38. Bxe4 Qd4 39.
Bf3 c4 40. bxc4 Qxc4 41. Be4 Qd4 42. Bf3 Qc4 43. Rf2 a4 44. Re2 a3 45. Rf2 Qc3 46.
Re2 Kh6 47. Rf2 Qe3 48. Re2 Qd4 49. Re4 Qd2+ 50. Re2 Qd4 51. Rf2 g5 52. hxg5+ Kxg5 53. Re2 Qc3 54. Rf2 h4 55. gxh4+ Kxh4 56. Re2 Qg7+ 57.
Kf2 Qd4+ 58. Kg2 Qg7+ 59. Kf2 Qg3+ 60. Ke3 Qg1+ 61. Kd3 Qb1+ 62. Ke3 Qb2 0-1

[Event "Early-Titled-Tuesday-Blitz-February-20-2024"]
[Site "Chess.com"]
[Date "2024.02.20"]
[Round "7"]
[White "Witik"]
[Black "Natalya_Buksa"]
[Result "1-0"]
[WhiteElo "2782"]
[BlackElo "2597"]
[TimeControl "180+1"]
[EndTime "9:20:58 PST"]
[Termination "Witik won by checkmate"]

1. d4 d5 2. Bf4 e6 3. Nf3 Nf6 4. e3 c5 5. Nbd2 Nc6 6. c3 cxd4 7. exd4 Nh5 8. Be3 g6 9. Bb5 Bd6 10. Ne5 O-O 11. Ndf3 f6 12. Nxc6 bxc6 13. Bxc6 Ba6 14. Qa4 Qb6 15. Bxa8 Rxa8 16. Nd2 Nf4 17. Bxf4 Bxf4 18.
Nb3 e5 19. Qa5 Qc6 20. Nc5 Bc8 21. O-O Bf5 22. Rad1 exd4 23. cxd4 Qb6 24. Qxb6 axb6 25. Nd3 Bd6 26. a3 Ra4 27. Nb4 Bxb4 28. axb4 Rxb4 29. Rd2 Kf7 30. Ra1 Bd7 31. f3 Ke6 32. Kf2 Kd6 33.
Ra8 h5 34. h4 Bf5 35. Re8 Rb3 36. Re3 Rb4 37. Ra3 Kc6 38. Ke3 Kd6 39. Rc3 Bd7 40. Kf2 Bf5 41. Re3 Bd7 42. Ra3 Bf5 43. Kg3 Bd7 44.
Ra7 Bf5 45. Kf4 Bd7 46. g4 hxg4 47. fxg4 Rb3 48. Ra3 Rb4 49. h5 g5+ 50. Kg3 Be6 51. Rf3 Ke7 52. h6 Bg8 53. Rh2 Bh7 54. Rhf2 Rxd4 55.
Rxf6 Rd3+ 56. Kh2 Bg8 57. Rg6 Bf7 58. Rg7 Ke6 59. Rgxf7 Rb3 60. h7 d4 61. h8=Q d3 62.
Qe8+ Kd5 63. Rd7+ Kc4 64. Qe6+ Kb5 65. Qxb3+ Ka5 66. Rf5+ b5 67. Qxb5# 1-0

[Event "Early-Titled-Tuesday-Blitz-February-20-2024"]
[Site "Chess.com"]
[Date "2024.02.20"]
[Round "7"]
[White "ExchangeAB"]
[Black "Lady_Nika"]
[Result "1-0"]
[WhiteElo "2458"]
[BlackElo "2558"]
[TimeControl "180+1"]
[EndTime "9:20:58 PST"]
[Termination "ExchangeAB won by checkmate"]

1. d4 d5 2. Nf3 e6 3. c3 f5 4. Bg5 Nf6 5. e3 Be7 6. Nbd2 Ne4 7.
Bxe7 Qxe7 8. Ne5 O-O 9. Ndf3 Nd7 10. Bd3 Ndf6 11. O-O c6 12. Nd2 Bd7 13. f3 Nxd2 14.
Qxd2 Be8 15. Rae1 Nd7 16. Nxd7 Qxd7 17. e4 f4 18. exd5 exd5 19. Re5 Bg6 20. Rfe1 Rf7 21. Bxg6 hxg6 22. Qd3 Rf6 23. Re7 Qc8 24. R1e5 b6 25. Qe2 Kh7 26. Qf2 Qa6 27. Qh4+ Kg8 28. Re8+ Rf8 29.
Rxa8 Rxa8 30. a3 Rf8 31. Qe7 Qd3 32. Qe6+ Rf7 33. Re2 c5 34. dxc5 bxc5 35. h4 d4 36. cxd4 Qxd4+ 37. Kh2 Qd8 38. Qe8+ Rf8 39. Qxd8 Rxd8 40.
Rc2 Rd5 41. Kh3 Kf7 42. Kg4 Rf5 43. Rc4 Ke6 44. Rxf4 Rd5 45. Rc4 Ke5 46. f4+ Kd6 47. g3 Rd2 48. b4 cxb4 49. Rxb4 Ra2 50. Ra4 Ke6 51. Rxa7 Kf6 52. Ra6+ Kf7 53. h5 gxh5+ 54. Kxh5 Rh2+ 55. Kg4 Ra2 56. f5 Rg2 57. Kf4 Rf2+ 58. Kg5 Rg2 59. g4 Rf2 60. Ra7+ Kg8 61. Kg6 Kf8 62.
g5 Rg2 63. Rf7+ Ke8 64. Rxg7 Ra2 65. Ra7 Rb2 66. f6 Rb6 67. Kg7 Rb5 68. f7+ Kd8 69. f8=Q# 1-0

[Event "Early-Titled-Tuesday-Blitz-February-20-2024"]
[Site "Chess.com"]
[Date "2024.02.20"]
[Round "7"]
[White "FairChess_on_YouTube"]
[Black "ilqar_74"]
[Result "1-0"]
[WhiteElo "3068"]
[BlackElo "2843"]
[TimeControl "180+1"]
[EndTime "9:20:59 PST"]
[Termination "FairChess_on_YouTube won on time"]

1. d4 Nf6 2. c4 e6 3. Nf3 d5 4.
Bg5 Bb4+ 5. Nc3 h6 6. Bxf6 Qxf6 7.
e3 O-O 8. Rc1 dxc4 9. Bxc4 c5 10. O-O Bxc3 11. Rxc3 cxd4 12. Qxd4 Nc6 13. Qxf6 gxf6 14.
Rd1 Na5 15. Be2 Nc6 16. Bb5 Ne7 17. e4 a6 18. Ba4 b5 19. Bb3 Ra7 20. h4 Bd7 21.
Rd6 Rc8 22. Rcd3 Bc6 23. Re3 Rd7 24. Rxd7 Bxd7 25. e5 f5 26. Kf1 Bc6 27. Nd4 Bd5 28. Rc3 Bxb3 29. Rxc8+ Nxc8 30. Nxb3 Nb6 31. Nc5 Nc4 32. b3 Nxe5 33. Nxa6 Kf8 34. Ke2 Ke7 35. Nc7 b4 36. Na6 Nc6 37. Kd3 Kd6 38. Kc4 Ne5+ 39. Kxb4 Nd3+ 40. Kc4 Nxf2 41. b4 Ng4 42. b5 Ne3+ 43.
Kc3 Nxg2 44. a4 Nf4 45. a5 Nd5+ 46. Kc4 f4 47. b6 Kc6 48. Nb8+ Kb7 49. Nd7 f3 50.
Kd3 Kc6 51. Ne5+ Kb7 52. Nxf3 Nb4+ 53. Ke4 Nc6 54. h5 Nxa5 55. Ne5 Kxb6 56. Nxf7 Nc6 57. Nxh6 Kc7 58. Nf7 Ne7 59. Ke5 Kd7 60. h6 Ke8 61.
Kxe6 Ng6 62. Kf6 Nf8 63. Nd6+ Kd7 64. Kf7 Nh7 65. Ne4 Kd8 66. Kg7 1-0

[Event "Early-Titled-Tuesday-Blitz-February-20-2024"]
[Site "Chess.com"]
[Date "2024.02.20"]
[Round "7"]
[White "Ural_bogatyr"]
[Black "ValentunHulka"]
[Result "1-0"]
[WhiteElo "2607"]
[BlackElo "2761"]
[TimeControl "180+1"]
[EndTime "9:21:01 PST"]
[Termination "Ural_bogatyr won by resignation"]

1. d4 d5 2. Nc3 Nf6 3. Bf4 e6 4. Nb5 Bb4+ 5. c3 Ba5 6. a4 a6 7. b4 Nc6 8. Na3 Bb6 9. a5 Ba7 10. Nf3 Ne4 11. Qc2 O-O 12. e3 f6 13.
Bd3 e5 14. dxe5 fxe5 15. Bxe4 dxe4 16. Nxe5 Nxe5 17. Bxe5 Bf5 18. Rd1 Qg5 19. Bg3 Rad8 20.
O-O Rd3 21. Nc4 Rfd8 22. Ne5 R3d5 23. c4 R5d6 24. c5 Rd5 25. c6 b5 26. axb6 Bxb6 27. Qc4 Be6 28. Rxd5 Bxd5 29. Qxa6 h5 30. h4 Qf6 31. Nd7 Qxc6 32. Nxb6 cxb6 33. Be5 Ra8 34. Qe2 Bc4 35. Qc2 Qd5 36. Rd1 Bd3 37. Qc7 Qf7 38.
Qxb6 Ra2 39. Bg3 Rb2 40. Qd4 Qb3 41. Rc1 Qxb4 42. Rc8+ Kh7 43. Be5 Rb1+ 44. Kh2 Qxd4 45.
Bxd4 Rd1 46. Rc7 Kg8 47. Rxg7+ Kf8 48. Rg5 Rd2 49. Kg3 Be2 50. Rf5+ Kg8 51. Re5 Bd3 52. Rxh5 Ra2 53. Rg5+ Kf7 54. h5 Ra6 55. Rg7+ Kf8 56. Rg5 Rh6 57. Kf4 Rh7 58. g4 Kf7 59. Rf5+ Ke6 60.
Rf6+ Ke7 61. Rb6 Be2 62. Rb7+ Ke6 63. Rxh7 Bxg4 64. Rh6+ Kd5 65. Kxg4 Kc4 66. Rf6 Kd3 67. Rf4 1-0